AoeStats
← Runxi24

Arena

509297501Analyzed
3v3 RM · 5d ago on Sep 26, 2026· 36m 16s· 6 players
Game mode
Random Map
Map size
Normal (6 player)
Population
200
Speed
Normal
Resources
Standard
Victory
Conquest
Starting age
Dark Age
Ending age
Imperial Age
RankedLock teamsTeams togetherTeam positionsShared explorationLock speedFull tech treeHidden civsTurbo modeCheats
Victory
Defeat
🇨🇭 Italians · Switzerland
1325
+15
🇭🇰 Saxons · Hong Kong SAR China
1308
+16
🇭🇰 Varangians · Hong Kong SAR China
1282
+17
🇺🇸 Burgundians · United States
1405
-19
🇪🇸 Saxons · Spain
1306
-16
🇪🇸 Portuguese · Spain
1222
-13
3HK
10:45 Feudal Age
14:31 Castle Age
12:50 Loom
12:59 Double-Bit Axe
14:40 Wheelbarrow
16:03 Horse Collar
19:28 Bow Saw
19:27 Fletching
19:27 Town Watch
21:43 Gold Mining
24:17 Bodkin Arrow
31:40 Imperial Age
29:39 Scale Mail Armor
30:31 Squires
31:09 Chain Mail Armor
31:18 Pikeman
32:30 Forging
32:30 Halberdier
34:13 Conscription
35:26 Hand Cart
36:31 Plate Mail Armor
Theodore
10:28 Feudal Age
11:21 Double-Bit Axe
11:34 Horse Collar
14:31 Castle Age
15:56 Bow Saw
15:48 Heavy Plow
18:49 Loom
19:25 Town Watch
22:10 Wheelbarrow
22:31 Gold Mining
24:04 Stone Mining
25:35 Scale Barding Armor
25:40 Forging
26:36 Scale Mail Armor
26:46 Forging
29:21 Imperial Age
26:53 Squires
27:40 Forging
27:35 Arson
28:13 Chain Mail Armor
31:26 Plate Mail Armor
30:41 Elite Varangian Guard
34:21 Iron Casting
34:21 Gothikon
35:23 Conscription
36:10 Blast Furnace
fear the lamb
10:12 Feudal Age
14:25 Castle Age
12:23 Double-Bit Axe
14:43 Horse Collar
15:34 Bow Saw
17:19 Heavy Plow
20:07 Wheelbarrow
20:44 Stone Mining
22:52 Stone Shaft Mining
24:17 Fletching
24:27 Padded Archer Armor
27:29 Imperial Age
25:26 Crossbowman
28:17 Loom
31:20 Conscription
33:41 Bodkin Arrow
34:12 Ballistics
34:58 Two-Man Saw
35:58 Chemistry
ReyCocobolo
11:24 Feudal Age
13:15 Double-Bit Axe
15:31 Castle Age
13:12 Horse Collar
17:04 Bow Saw
16:55 Heavy Plow
18:16 Town Watch
18:17 Loom
21:40 Scale Mail Armor
22:53 Chain Mail Armor
22:26 Gambesons
22:51 Squires
22:37 Arson
24:09 Forging
26:10 Iron Casting
26:28 Gold Mining
32:53 Wheelbarrow
36:11 Imperial Age
33:57 Hand Cart
35:53 Fletching
36:33 Ballistics
36:26 Bodkin Arrow
el_Feist
3:07 Double-Bit Axe
6:22 Horse Collar
11:36 Feudal Age
12:56 Bow Saw
15:32 Castle Age
13:38 Heavy Plow
19:58 Wheelbarrow
21:45 Stone Mining
21:47 Gold Mining
22:59 Stone Shaft Mining
24:40 Gold Shaft Mining
25:09 Hand Cart
24:47 Loom
27:38 Imperial Age
26:21 Scale Barding Armor
27:42 Chain Barding Armor
27:56 Forging
28:50 Husbandry
29:26 Plate Barding Armor
29:37 Town Watch
30:07 Burgundian Vineyards
31:05 Iron Casting
32:10 Chemistry
31:11 Elite Coustillier
32:13 Fletching
33:50 Padded Archer Armor
34:51 Blast Furnace
35:02 Bodkin Arrow
37:30 Hoardings
Runxi24
10:14 Feudal Age
14:10 Castle Age
12:44 Double-Bit Axe
13:06 Stone Mining
17:30 Loom
27:14 Bow Saw
29:47 Imperial Age
29:02 Man-at-Arms
29:45 Long Swordsman
31:57 Chemistry
Connection lost

Rejoining the realm…

Still unreachable

The connection could not be restored.

Session expired

The server has moved on; the page needs a fresh start.